 Dungeon Crawl Stone Soup version 0.27.0-1-g7a08968 (webtiles) character file.

Game seed: 13801769348958638056

89735 NeededCrab the Peltast (level 15, -2/74 HPs)
             Began as a Vine Stalker Fighter on Oct 14, 2021.
             Was the Champion of Makhleb.
             Succumbed to something's poison gas
             ... in an ice cave.
             The game lasted 01:28:23 (21906 turns).

NeededCrab the Peltast (Vine Stalker Fighter)      Turns: 21906, Time: 01:28:24

Health: -2/74      AC: 22    Str: 20    XL:     15   Next: 98%
Magic:  2/25       EV:  9    Int:  8    God:    Makhleb [******]
Gold:   3718       SH: 15    Dex: 21    Spells: 14/14 levels left

rFire    + . .     SeeInvis +   e - +8 quick blade (spect)
rCold    + + .     Faith    .   c - +0 kite shield
rNeg     . . .     Spirit   +   m - +3 plate armour {rC+}
rPois    .         Reflect  .   z - +0 helmet {SInv}
rElec    .         Harm     .   K - scarf {repulsion}
rCorr    +         Rampage  .   q - +0 pair of gloves
Will     +....                  y - +0 pair of boots "Qogon" {Slay+3}
Stlth    ..........             (no amulet)
HPRegen  1.22/turn              v - ring of Lojiaf {rF+ rCorr Slay+2}
MPRegen  0.19/turn              T - ring of protection from cold

@: lethally poisoned (-2 -> -9), studying Ice Magic, repel missiles
A: fangs 3, regeneration 1, magic shield, antimagic bite, no potion heal 2,
agile 1
a: Renounce Religion, Minor Destruction, Lesser Servant of Makhleb, Major
Destruction, Greater Servant of Makhleb


You were in an ice cave.
You worshipped Makhleb.
Makhleb was exalted by your worship.
You visited 4 branches of the dungeon, and saw 23 of its levels.
You also visited: Ice Cave.

You collected 5547 gold pieces.
You spent 1829 gold pieces at shops.

Inventory:

Hand Weapons
 a - a +0 rapier
 e - a +8 spectral quick blade (weapon)
Armour
 c - a +0 kite shield (worn)
 m - a +3 plate armour of cold resistance (worn)
 q - a +0 pair of gloves (worn)
 y - the +0 pair of boots "Qogon" (worn) {Slay+3}
   (You bought it in a shop on level 5 of the Dungeon)

   Slay:      It affects your accuracy & damage with ranged weapons and melee
   (+3).
 z - a +0 helmet of see invisible (worn)
 J - a +0 cloak
 K - a scarf of repulsion (worn)
Jewellery
 n - a +6 ring of dexterity
 v - the ring of Lojiaf (left hand) {rF+ rCorr Slay+2}
   (You found it on level 5 of the Dungeon)

   [ring of protection from fire]

   Slay:      It affects your accuracy & damage with ranged weapons and melee
   (+2).
   rF:        It protects you from fire.
   rCorr:     It protects you from acid and corrosion.
 A - a ring of see invisible
 C - a ring of flight
 D - a +4 ring of evasion
 H - a +6 ring of strength
 N - a +6 ring of strength
 R - a ring of willpower
 T - a ring of protection from cold (right hand)
Wands
 l - a wand of paralysis (6)
 r - a wand of flame (39)
 u - a wand of digging (11)
 F - a wand of polymorph (8)
 M - a wand of acid (15)
 O - a wand of iceblast (2)
 P - a wand of mindburst (16)
Scrolls
 f - 9 scrolls of enchant armour
 i - 2 scrolls of blinking
 k - 12 scrolls of teleportation
 s - 2 scrolls of magic mapping
 t - a scroll of identify
 w - 2 scrolls of fear
 x - a scroll of summoning
 B - 2 scrolls of torment
 E - 4 scrolls of noise
 G - a scroll of fog
Potions
 b - 2 potions of cancellation
 d - 5 potions of might
 g - 4 potions of haste
 h - 4 potions of brilliance
 j - 6 potions of curing
 o - 3 potions of lignification
 p - 2 potions of flight
 L - 2 potions of berserk rage
 Q - a potion of resistance
Miscellaneous
 S - a phial of floods


   Skills:
 + Level 6.4 Fighting
 - Level 8.0 Short Blades
 + Level 11.7 Armour
 + Level 5.1 Dodging
 - Level 15.3 Shields
 + Level 13.1 Invocations


You had 14 spell levels left.
You didn't know any spells.
Your spell library contained the following spells:

 Spells                   Type           Power      Damage    Failure   Level
 Animate Skeleton         Necr           0%         N/A       100%        1
 Magic Dart               Conj           0%         1d3       100%        1
 Pain                     Necr           0%         1d4       100%        1
 Corpse Rot               Necr/Air       N/A        N/A       100%        2
 Poisonous Vapours        Pois/Air       0%         N/A       100%        2
 Searing Ray              Conj           0%         3d3       100%        2
 Slow                     Hex            0%         N/A       100%        2
 Confusing Touch          Hex            0%         N/A       100%        3
 Dazzling Flash           Conj/Hex       0%         N/A       100%        3
 Frozen Ramparts          Ice            0%         1d2       100%        3
 Inner Flame              Hex/Fire       0%         N/A       100%        3
 Vampiric Draining        Necr           0%         2d6       100%        3
 Cause Fear               Hex            0%         N/A       100%        4
 Fulminant Prism          Conj/Hex       0%         3d6       100%        4
 Ice Form                 Ice/Tmut       0%         N/A       100%        4
 Iskenderun's Mystic Bla  Conj/Tloc      0%         2d3       100%        4
 Passage of Golubria      Tloc           N/A        N/A       100%        4
 Summon Ice Beast         Ice/Summ       0%         N/A       100%        4
 Agony                    Necr           0%         N/A       100%        5
 Excruciating Wounds      Necr           0%         N/A       100%        5
 Fireball                 Conj/Fire      0%         3d3       100%        5
 Freezing Cloud           Conj/Ice/Air   0%         6-21      100%        5
 Iskenderun's Battlesphe  Conj           0%         2d6       100%        5
 Silence                  Hex/Air        0%         N/A       100%        5
 Yara's Violent Unravell  Hex/Tmut       0%         3d3       100%        5
 Conjure Ball Lightning   Conj/Air       0%         3x3d6     100%        6
 Starburst                Conj/Fire      0%         8x6d3     100%        6
 Orb of Destruction       Conj           0%         N/A       100%        7
 Discord                  Hex            0%         N/A       100%        8
 Lehudib's Crystal Spear  Conj/Erth      0%         10d2      100%        8


Dungeon Overview and Level Annotations

Branches:
Dungeon (14/15)            Temple (1/1) D:4            Lair (6/6) D:8
 Shoals (0/4) Lair:4       Spider (0/4) Lair:3        Slime (0/5) Lair:6
    Orc (2/2) D:11            Elf (0/3) Orc:2        Vaults (0/5) D:13
  IceCv (1/1)

Altars:
Ashenzari
Cheibriados
Dithmenos
Elyvilon
Fedhas
Gozag
Hepliaklqana
Kikubaaqudgha
Makhleb
Nemelex Xobeh
Okawaru
Qazlal
Ru
Sif Muna
Trog
Uskayaw
Vehumet
Wu Jian
Xom
Yredelemnul
Zin
The Shining One
Lugonu

Shops:
D:1 *   D:5 ((((?[   D:6 (   Orc:2 [:**

Portals:
Abyss: Lair:6
Pandemonium: Orc:2


Innate Abilities, Weirdness & Mutations

You have razor-sharp teeth.
Your natural rate of healing is unusually fast.
When hurt, damage is shared between your health and your magic reserves.
Your bite disrupts and absorbs the magic of your enemies.
Potions cannot restore your health.
You are agile. (Dex +2)


Message History

Your neqoxec hits the cacodemon but does no damage.
The cacodemon gestures at you.
Your neqoxec twists and deforms.
Your neqoxec closely misses the cacodemon.
The golden dragon bites your neqoxec. The golden dragon claws your neqoxec!
The golden dragon barely misses your neqoxec.
Some rock shatters into small pieces.
Your neqoxec hits the golden dragon but does no damage.
The golden dragon bites your neqoxec!
Your neqoxec dies!
The cacodemon gestures at you. The bolt of energy hits you!!
Unknown command.
The golden dragon breathes cold at you. The bolt of cold hits you! You resist.
* * * LOW HITPOINT WARNING * * *
The cacodemon gestures next to the golden dragon.
Some rock shatters into small pieces.
The golden dragon breathes poison at you.
The blast of poison engulfs you.
You are poisoned.
* * * LOW HITPOINT WARNING * * *
As you read the scroll of teleportation, it crumbles to dust.
You feel strangely unstable.
You are engulfed in poison gas.
You are lethally poisoned!
* * * LOW HITPOINT WARNING * * *
x2 You feel extremely sick.
The cacodemon gestures at you.
Strange energies course through your body.
You feel agile.
Okay, then.
You are engulfed in poison gas.
You are more poisoned.
* * * LOW HITPOINT WARNING * * *
x2 You feel extremely sick.
Your system rejects the healing.
You feel better.
You are engulfed in poison gas.
You are lethally poisoned!
Your surroundings suddenly seem different.
You die...

#..#.##
#.##
##.#..#
##.#
#..####
##.##
##..##
#.#.#
##..###
##..#
#.|...#
##.#
##...##
#..#
#....#
##.##
####@.##
#..#
##..#..#
##.##
##...##.#
#D#.#
#..#....#
##.##
##.#.#..##
#..##
#..######
##..# #
##..#
#..## #
#.## ##.##
#. #..#
###D.# #.#


There were no monsters in sight!

Vanquished Creatures
  Saint Roka (Orc:1)
  Jorgrun (Orc:1)
  Snorg (D:14)
  8 vault guards (D:13)
  3 ice dragons (IceCv)
  5 hydras
  7 two-headed ogres
  2 centaur warriors (D:13)
  3 orc high priests (Orc:2)
  A sun demon (Orc:2)
  3 thrashing horrors (Lair:6)
  A soul eater (Orc:2)
  A sixfirhy (Orc:2)
  2 large abominations (Lair:6)
  An orange crystal statue (IceCv)
  2 lindwurms
  12 orc sorcerers
  4 orc knights (Orc:2)
  4 ugly things
  A salamander (shapeshifter) (D:11)
  2 manticores
  5 cyclopes
  2 centaur zombies
  A merfolk siren (Lair:4)
  10 elephants
  3 smoke demons (Lair:6)
  4 black mambas
  Joseph (Lair:1)
  8 cane toads
  6 storm dragon simulacra (IceCv)
  4 unseen horrors
  5 rime drakes
  Maggie (D:6)
  8 komodo dragons
  2 freezing wraiths (D:14)
  2 ancient zymes (Lair:6)
  4 golden dragon simulacra (IceCv)
  2 polar bears
  6 trolls
  4 dream sheep (Lair:3)
  A hornet (Lair:2)
  18 blink frogs
  2 shadows
  Sigmund (D:4)
  2 spriggans (Lair:6)
  A tarantella (Lair:3)
  8 wyverns
  44 yaks
  3 ynoxinuls
  2 chaos spawn
  4 basilisks
  A steam dragon (D:7)
  8 vampire mosquitoes
  A neqoxec (Orc:2)
  Menkaure (D:6)
  A warg (Orc:1)
  5 acid dragons
  13 water moccasins
  A sky beast (D:6)
  34 orc warriors
  An ice beast (D:5)
  2 black bears (D:6)
  4 ice dragon simulacra (IceCv)
  18 ogres
  3 necrophages
  13 centaurs
  A phantom (D:6)
  15 wolves
  Blork the orc (D:4)
  3 kobold brigands
  9 bullfrogs
  A scorpion (D:5)
  A gnoll sergeant (D:7)
  A water moccasin zombie (D:7)
  4 lindwurm simulacra (IceCv)
  6 killer bees
  4 wights (D:8)
  2 howler monkeys
  3 hounds
  A bullfrog zombie (D:6)
  A bullfrog skeleton (D:5)
  28 orc priests
  A jelly (Lair:6)
  15 orc wizards
  Natasha (thrice) (D:4)
  2 iguanas (D:8)
  13 small abominations (Lair:6)
  3 howler monkey zombies
  7 gnolls
  10 adders
  4 worms
  3 dart slugs
  79 orcs
  10 ball pythons
  A bat (D:1)
  10 endoplasms
  7 giant cockroaches
  7 goblins
  6 hobgoblins
  4 jackals (D:4)
  2 quokkas (D:6)
  5 frilled lizards
  15 kobolds
  6 rats
629 creatures vanquished.

Vanquished Creatures (collateral kills)
  An ettin (Orc:1)
  A killer bee (D:11)
  An orc priest (Orc:1)
3 creatures vanquished.

Vanquished Creatures (others)
  An elephant (Lair:6)
  16 fungi
  18 plants
35 creatures vanquished.

Grand Total: 667 creatures vanquished

Notes
Turn   | Place    | Note
-------+----------+-------------------------------------------
     0 | D:1      | NeededCrab the Vine Stalker Fighter began the quest for the
                  | Orb.
     0 | D:1      | Reached XP level 1. HP: 11/11 MP: 2/2
   333 | D:1      | Reached XP level 2. HP: 16/16 MP: 3/3
   475 | D:1      | Reached skill level 3 in Shields
   782 | D:1      | Noticed a floating eye
   784 | D:1      | Found a faded altar of an unknown god.
   789 | D:1      | Noticed a shining eye
   789 | D:1      | Noticed an eye of devastation
   789 | D:1      | Noticed an eye of devastation
  1010 | D:1      | Found Buanol's Assorted Antiques.
  1244 | D:2      | Reached XP level 3. HP: 19/19 MP: 4/4
  1584 | D:2      | Gained mutation: Your natural rate of healing is unusually
                  | fast. [Vine Stalker growth]
  1584 | D:2      | Reached XP level 4. HP: 23/23 MP: 5/5
  2155 | D:3      | Found a hazy altar of Hepliaklqana.
  2210 | D:3      | Found a sacrificial altar of Ru.
  2322 | D:3      | Reached XP level 5. HP: 26/27 MP: 4/6
  2589 | D:3      | Paralysed by a hobgoblin for 5 turns
  2612 | D:3      | Reached skill level 4 in Shields
  2775 | D:3      | Found a shimmering altar of Xom.
  2815 | D:3      | Found a burning altar of Makhleb.
  2843 | D:3      | Became a worshipper of Makhleb the Destroyer
  3176 | D:4      | Found a snail-covered altar of Cheibriados.
  3184 | D:4      | Noticed Natasha
  3201 | D:4      | Killed Natasha
  3202 | D:4      | Reached XP level 6. HP: 32/32 MP: 5/7
  3257 | D:4      | Noticed Natasha
  3265 | D:4      | Killed Natasha
  3363 | D:4      | Noticed Blork the orc
  3381 | D:4      | Killed Blork the orc
  3382 | D:4      | Reached skill level 1 in Invocations
  3593 | D:4      | Noticed a necrophage
  3604 | D:4      | Killed a necrophage
  3615 | D:4      | Found a staircase to the Ecumenical Temple.
  3627 | Temple   | Entered the Ecumenical Temple
  3997 | D:4      | Noticed Natasha
  4005 | D:4      | Killed Natasha
  4006 | D:4      | Reached XP level 7. HP: 33/35 MP: 5/9
  4113 | D:4      | Noticed Sigmund
  4122 | D:4      | Killed Sigmund
  4123 | D:4      | Reached skill level 5 in Shields
  4434 | D:5      | Entered Level 5 of the Dungeon
  4434 | D:5      | Found Lil Harr's Antique Armour Shop.
  4494 | D:5      | Reached skill level 5 in Short Blades
  4570 | D:5      | Gained mutation: You have razor-sharp teeth. [Vine Stalker
                  | growth]
  4570 | D:5      | Reached XP level 8. HP: 26/39 MP: 6/10
  4656 | D:5      | Found Tuevapis's Antique Weapon Shop.
  4697 | D:5      | Found Myasmit's Weapon Shoppe.
  4909 | D:5      | Identified the ring of Lojiaf {rF+ rCorr Slay+2}
  4958 | D:5      | Found Zareum's Antique Weapon Boutique.
  4958 | D:5      | Found Kosi's Weapon Boutique.
  4973 | D:5      | Reached * piety under Makhleb
  4974 | D:5      | Reached skill level 6 in Shields
  5031 | D:5      | Found Fatus's Magic Scroll Boutique.
  5034 | D:5      | You fall into a shaft and drop 3 floors!
  5066 | D:6      | Found Qozatruv's Antique Weapon Emporium.
  5077 | D:6      | Identified 3 scrolls of acquirement
  5079 | D:6      | Acquired 1125 gold pieces
  5086 | D:6      | Acquired a +4 quick blade
  5091 | D:6      | Acquired 512 gold pieces
  5111 | D:6      | Noticed a cyclops
  5197 | D:6      | Reached XP level 9. HP: 40/43 MP: 12/12
  5216 | D:6      | Noticed Menkaure
  5226 | D:6      | Killed Menkaure
  5230 | D:6      | Noticed Maggie
  5262 | D:6      | Killed Maggie
  5263 | D:6      | Reached skill level 7 in Shields
  6130 | D:5      | Reached skill level 5 in Armour
  6249 | D:5      | Bought a shiny plate armour for 754 gold pieces
  6249 | D:5      | Bought a pair of distressingly furry boots for 275 gold
                  | pieces
  6249 | D:5      | Identified the +0 pair of boots "Qogon" {Slay+3} (You
                  | bought it in a shop on level 5 of the Dungeon)
  6249 | D:5      | Bought a runed helmet for 217 gold pieces
  6472 | D:6      | Killed a cyclops
  6512 | D:7      | Reached ** piety under Makhleb
  6575 | D:7      | Reached XP level 10. HP: 47/47 MP: 14/14
  6598 | D:7      | Reached skill level 8 in Shields
  6608 | D:7      | Reached skill level 5 in Invocations
  6682 | D:7      | Found a radiant altar of Vehumet.
  7254 | D:8      | Reached skill level 9 in Shields
  7258 | D:8      | Found a staircase to the Lair.
  7313 | D:8      | Found a stormy altar of Qazlal.
  7376 | D:8      | Reached *** piety under Makhleb
  8325 | D:9      | Reached XP level 11. HP: 51/51 MP: 16/16
  8531 | D:9      | Reached skill level 10 in Shields
  8634 | D:9      | Found an ornate altar of the Wu Jian Council.
  8637 | D:9      | Reached **** piety under Makhleb
  8684 | D:9      | Found a glowing silver altar of Zin.
  8904 | D:5      | Bought a scroll of blinking for 112 gold pieces
  8904 | D:5      | Bought a scroll of enchant armour for 112 gold pieces
  8904 | D:5      | Bought a scroll of teleportation for 45 gold pieces
  8904 | D:5      | Bought a scroll of teleportation for 45 gold pieces
  8904 | D:5      | Bought a scroll of enchant armour for 112 gold pieces
  8904 | D:5      | Bought a scroll of teleportation for 45 gold pieces
  8904 | D:5      | Bought a scroll of enchant armour for 112 gold pieces
  9080 | D:10     | Entered Level 10 of the Dungeon
  9360 | D:10     | Found a broken altar of Ashenzari.
  9682 | D:10     | Found a sparkling altar of Nemelex Xobeh.
  9787 | D:11     | Noticed a salamander
  9787 | D:11     | a raiju changed into a salamander
  9799 | D:11     | Killed a salamander
  9996 | D:11     | Noticed a two-headed ogre
  9996 | D:11     | Noticed a two-headed ogre
 10002 | D:11     | Noticed a two-headed ogre
 10004 | D:11     | Killed a two-headed ogre
 10006 | D:11     | Killed a two-headed ogre
 10013 | D:11     | Killed a two-headed ogre
 10014 | D:11     | Reached skill level 11 in Shields
 10175 | D:11     | Found a staircase to the Orcish Mines.
 10314 | D:11     | Noticed a two-headed ogre
 10322 | D:11     | Killed a two-headed ogre
 10353 | D:11     | Noticed a cyclops
 10365 | D:11     | Killed a cyclops
 10366 | D:11     | Reached XP level 12. HP: 29/56 MP: 19/19
 10490 | D:11     | Acquired 766 gold pieces
 10651 | D:12     | Noticed a two-headed ogre
 10657 | D:12     | Killed a two-headed ogre
 10714 | D:12     | Reached ***** piety under Makhleb
 10735 | D:12     | Found a stormy altar of Qazlal.
 10901 | D:12     | Reached skill level 12 in Shields
 11002 | D:12     | Noticed a two-headed ogre
 11007 | D:12     | Killed a two-headed ogre
 11816 | Lair:1   | Entered Level 1 of the Lair of Beasts
 11970 | Lair:1   | Noticed Joseph
 11983 | Lair:1   | Killed Joseph
 12058 | Lair:1   | Noticed a four-headed hydra
 12067 | Lair:1   | Killed a four-headed hydra
 13113 | Lair:2   | Reached XP level 13. HP: 59/59 MP: 21/21
 13124 | Lair:2   | Reached skill level 13 in Shields
 14030 | Lair:3   | Reached skill level 10 in Invocations
 14414 | Lair:3   | Found a hole to the Spider Nest.
 15327 | Lair:4   | Reached skill level 14 in Shields
 15378 | Lair:4   | Found a staircase to the Shoals.
 15758 | Lair:4   | Acquired 827 gold pieces
 16709 | Lair:6   | Entered Level 6 of the Lair of Beasts
 16851 | Lair:6   | Reached XP level 14. HP: 63/63 MP: 23/23
 16867 | Lair:6   | Reached skill level 10 in Armour
 16877 | Lair:6   | Found a staircase to the Slime Pits.
 17121 | Lair:6   | Reached ****** piety under Makhleb
 17379 | Lair:6   | Reached skill level 15 in Shields
 17492 | Lair:6   | Found a corrupted altar of Lugonu.
 17492 | Lair:6   | Found a one-way gate to the infinite horrors of the Abyss.
 18507 | D:13     | Found a gate to the Vaults.
 18527 | D:13     | Reached skill level 1 in Dodging
 18675 | D:13     | Reached XP level 15. HP: 64/70 MP: 22/25
 19048 | Orc:1    | Entered Level 1 of the Orcish Mines
 19220 | Orc:1    | Noticed Jorgrun
 19258 | Orc:1    | Killed Jorgrun
 19544 | Orc:2    | Entered Level 2 of the Orcish Mines
 19800 | Orc:2    | Found a staircase to the Elven Halls.
 19941 | Orc:2    | Noticed Saint Roka
 20164 | Orc:2    | Found Ubuitir's General Store.
 20375 | Orc:1    | Paralysed by an orc sorcerer for 5 turns
 20418 | Orc:1    | Killed Saint Roka
 20419 | Orc:1    | Reached skill level 5 in Fighting
 20673 | Orc:2    | Found Vuhookh's General Store.
 21038 | Orc:2    | Found Tashroemp's Antique Armour Emporium.
 21038 | Orc:2    | Found Motegele's Book Shoppe.
 21039 | Orc:2    | Found a one-way gate leading to the halls of Pandemonium.
 21346 | D:14     | Noticed Snorg
 21359 | D:14     | Killed Snorg
 21384 | D:14     | Found a frozen archway.
 21420 | IceCv    | Entered an ice cave
 21553 | IceCv    | Reached skill level 5 in Dodging
 21881 | IceCv    | Noticed a golden dragon
 21892 | IceCv    | Noticed a cacodemon
 21904 | IceCv    | Gained mutation: You are agile. (Dex +2) [a cacodemon]
 21905 | IceCv    | HP: 1/74 [poisoned by a golden dragon (poison gas)]
 21906 | IceCv    | Succumbed to something's poison gas

Illustrated notes

Levels and vault maps discovered:
D:1:      dpeg_arrival_connections, layout_basic,
          hellmonk_ecumenical_altar_watching_god, serial_shops,
          nicolae_shop_waterfront, minmay_statues_item
D:2:      layout_rooms
D:3:      layout_loops_corners, lemuel_doored_altar,
          mainiacjoe_overflow_24_doors, mainiacjoe_overflow_alcove_1,
          lemuel_round_altar, minmay_bisected
D:4:      layout_basic, mainiacjoe_overflow_six_doors_small,
          minmay_temple_entry_large_hall, grunt_ministairs_12, uniq_natasha,
          uniq_blork_the_orc, uniq_sigmund
D:5:      layout_loops_ring, serial_shops, nicolae_shop_behind_doors, shop,
          shop, nicolae_stop_n_shop_1, nicolae_shop_crystal,
          nicolae_stop_n_shop_2
D:6:      layout_basic, serial_shops, shop_fountains, gup_sewer_entry_bubbles,
          minivault_22, uniq_maggie, uniq_menkaure
D:7:      layout_basic, vehumet_altar_wand_db
D:8:      layout_basic, mainiacjoe_overflow_boulevard, minmay_lair_entry_grove
D:9:      layout_roguey [special_room_orc], zin_treasury, old_standard_altar,
          serial_glass, glass_columns_a, glass_columns_a, feat_on_display,
          minmay_strange_pillars, minmay_fractal_squares_gapless_5
D:10:     layout_cave_pods, nemelex_xobeh_ov_fountains_minmay,
          evilmike_ruin_ashenzari
D:11:     lemuel_ogre_cave, layout_loops_ring, orc_0_dummy
D:12:     layout_roguey, nicolae_qazlal_eye_of_the_storm
D:13:     layout_irregular_city, erik_vaults_2
D:14:     layout_roguey, portal_ice_cave_entry_frozen_things,
          hangedman_abyss_or_decor_passed, kennysheep_another_room,
          nicolae_shop_sticking_my_neck_out, uniq_snorg
Temple:   minmay_temple_curvy_loop
Lair:1:   layout_small_grid, beast_lair_carwin_5, uniq_joseph
Lair:2:   layout_cave_pods, eino_small_chamber_without_monster,
          grunt_megastairs_1
Lair:3:   layout_layer_cave, spider_nest_entry_rubble
Lair:4:   layout_cave_pods, minmay_shoals_entry_lonely_mermaid
Lair:5:   layout_regular_city, st_stairs_9
Lair:6:   hellmonk_lair_end_abyssal_woods, layout_gridlike,
          nicolae_slime_entry_slimehenge, serial_bayou_shore_b
Orc:1:    layout_caves, uniq_jorgrun
Orc:2:    pf_orc_diabolical, layout_caves, uniq_saint_roka
IceCv:    ice_cave_small_dragons

Skill      XL: |  1  2  3  4  5  6  7  8  9 10 11 12 13 14 15 |
---------------+----------------------------------------------+-----
Short Blades   | 2 3 4 5 6 7 8 |  8.0
Shields        | 3 4 5 6 7 9 11 12 14 15 | 15.3
Armour         | 3 4 5 6 7 8 9 10 11 | 11.7
Invocations    | 1 2 3 4 6 8 9 10 12 13 | 13.1
Fighting       | 3 6 |  6.4
Dodging        | 2 5 |  5.1

Action                   |  1- 3 |  4- 6 |  7- 9 | 10-12 | 13-15 || total
-------------------------+-------+-------+-------+-------+-------++-------
Melee: Rapier            |    75 |    85 |       |       |       ||   160
       Bite              |    23 |    52 |   103 |   251 |   604 ||  1033
       Dagger            |       |    91 |   107 |       |       ||   198
       Quick blade       |       |       |   137 |   573 |  1266 ||  1976
Invok: Minor Destruction |       |       |       |   181 |   395 ||   576
       Major Destruction |       |       |       |     5 |     4 ||     9
       Lesser Servant of |       |       |       |     2 |     3 ||     5
       Greater Servant o |       |       |       |       |     3 ||     3
Evoke: Wand              |       |       |       |     1 |       ||     1
  Use: Scroll            |       |       |     7 |     9 |    19 ||    35
       Potion            |       |       |     2 |       |     1 ||     3
 Stab: Distracted        |       |       |       |       |     8 ||     8
Armor: Scale mail        |    34 |    40 |    32 |       |       ||   106
       Plate armour      |       |       |     8 |   135 |   196 ||   339
       Acid dragon scale |       |       |     7 |       |       ||     7
Dodge: Dodged            |    26 |    33 |    45 |    55 |   147 ||   306
       Repelled          |       |       |       |       |     6 ||     6
Block: Kite shield       |    39 |    57 |    89 |   178 |   321 ||   684
